 Dungeon Crawl Stone Soup version 0.28-a0-1506-g3893175d92 (webtiles) character file.

Game seed: 12242632871996880776

9045 karrick the Basher (level 11, -1/68 HPs)
             Began as a Gargoyle Fighter on Jan 14, 2022.
             Was a High Priest of Okawaru.
             Slain by a fire elemental (5 damage)
             ... summoned by a deep elf pyromancer
             ... on level 10 of the Dungeon.
             The game lasted 00:28:37 (10680 turns).

karrick the Basher (Gargoyle Fighter)              Turns: 10680, Time: 00:28:40

Health: -1/68      AC: 19    Str: 30    XL:     11   Next: 40%
Magic:  13/13      EV: 13    Int: 10    God:    Okawaru [*****.]
Gold:   555        SH:  5    Dex: 13    Spells: 10/10 levels left

rFire   . . .      SeeInvis .   G - +6 flail (protect)
rCold   . . .      Faith    .   Q - +0 buckler "Toepn" {Str+3 Int+2}
rNeg    + . .      Spirit   .   O - +0 troll leather armour
rPois   ∞          Reflect  .   o - +0 helmet
rElec   +          Harm     .   j - +2 cloak
rCorr   .          Rampage  .   N - +0 pair of gloves
Will    .....                   (no boots)
Stlth   ++........              (no amulet)
HPRegen 1.01/turn               T - +4 ring of slaying
MPRegen 0.13/turn               s - +6 ring of strength

@: about to teleport
A: sickness immunity, AC +8, negative energy resistance 1, electricity
resistance, torment resistance 1, petrification resistance
a: Renounce Religion, Heroism, Finesse, Duel


You were on level 10 of the Dungeon.
You worshipped Okawaru.
Okawaru was extremely pleased with you.
You visited 2 branches of the dungeon, and saw 12 of its levels.
You also visited: Sewer and Ossuary.

You collected 555 gold pieces.

Inventory:

Hand Weapons
 i - the +3 mace of Dismay {vorpal, rF- rC+ SInv}
   (You found it on level 2 of the Dungeon)

   It inflicts extra damage upon your enemies.
   rF:        It makes you vulnerable to fire.
   rC:        It protects you from cold.
   SInv:      It lets you see invisible.
 E - a +0 flail of holy wrath
 G - a +6 flail of protection (weapon)
 L - the +4 flail of False Accusations {speed, rF- rC++}
   (You found it on level 7 of the Dungeon)

   Attacks with this weapon are significantly faster.
   rF:        It makes you vulnerable to fire.
   rC:        It greatly protects you from cold.
 Y - a +2 scimitar of flaming
Missiles
 J - a throwing net (quivered)
Armour
 j - a +2 cloak (worn)
 o - a +0 helmet (worn)
 M - a +2 hat
 N - a +0 pair of gloves (worn)
 O - a +0 troll leather armour (worn)
 Q - the +0 buckler "Toepn" (worn) {Str+3 Int+2}
   (You found it on level 9 of the Dungeon)

   Str:       It affects your strength (+3).
   Int:       It affects your intelligence (+2).
 S - the +1 ring mail of Autotheism {Slay+2}
   (You found it on level 9 of the Dungeon)

   Slay:      It affects your accuracy & damage with ranged weapons and melee
   (+2).
 X - +0 acid dragon scales
 Z - +0 steam dragon scales
Jewellery
 m - a ring of protection from cold
 s - a +6 ring of strength (right hand)
 C - a ring of wizardry
 P - a ring of protection from cold
 T - a +4 ring of slaying (left hand)
 W - a ring of protection from fire
Wands
 a - a wand of iceblast (12)
 b - a wand of flame (39)
 q - a wand of acid (4)
Scrolls
 d - 3 scrolls of teleportation
 e - 2 scrolls of blinking {unknown}
 f - 2 scrolls of immolation
 h - a scroll of fear
 l - 3 scrolls of enchant armour {unknown}
 p - 2 scrolls of enchant weapon {unknown}
 u - 2 scrolls of magic mapping {unknown}
 w - 3 scrolls of vulnerability {unknown}
 y - a scroll of summoning {unknown}
 H - a scroll of amnesia {unknown}
 I - 3 scrolls of identify
 R - a scroll of fog {unknown}
 U - a scroll of brand weapon {unknown}
Potions
 g - 4 potions of heal wounds
 k - 3 potions of magic {unknown}
 n - a potion of ambrosia {unknown}
 r - a potion of attraction {unknown}
 t - 3 potions of lignification {unknown}
 v - 4 potions of curing {unknown}
 x - 3 potions of haste
 z - a potion of brilliance {unknown}
 A - a potion of invisibility {unknown}
 B - 5 potions of flight {unknown}
 D - 2 potions of berserk rage {unknown}
 F - 3 potions of cancellation {unknown}
 V - a potion of mutation {unknown}


   Skills:
 + Level 8.2 Fighting
 + Level 12.0 Maces & Flails
 + Level 7.5 Armour
 + Level 4.3 Dodging
 + Level 2.7 Stealth
 + Level 7.0 Shields
 * Level 3.5 Invocations
 + Level 0.6 Evocations


You had 10 spell levels left.
You didn't know any spells.
Your spell library contained the following spells:

 Spells                   Type           Power      Damage    Failure   Level
 Magic Dart               Conj           0%         1d3       47%         1
 Corpse Rot               Necr/Air       0%         N/A       63%         2
 Ensorcelled Hibernation  Hex/Ice        0%         N/A       63%         2
 Passwall                 Tmut/Erth      0%         N/A       63%         2
 Poisonous Vapours        Pois/Air       0%         N/A       63%         2
 Searing Ray              Conj           0%         2d4       63%         2
 Portal Projectile        Hex/Tloc       0%         N/A       85%         3
 Swiftness                Air            0%         N/A       85%         3
 Fulminant Prism          Conj/Hex       0%         3d6       99%         4
 Blade Hands              Tmut           0%         N/A       100%        5
 Excruciating Wounds      Necr           0%         N/A       100%        5
 Orb of Destruction       Conj           0%         N/A       100%        7
 Summon Guardian Golem    Hex/Summ       Unusable   N/A       N/A         3
 Spellforged Servitor     Conj/Summ      Unusable   N/A       N/A         7

Dungeon Overview and Level Annotations

Branches:
Dungeon (11/15)            Temple (1/1) D:6             Orc (0/2) D:9
  Sewer (visited)         Ossuary (visited)
   Lair: D:8-11

Altars:
Ashenzari
Cheibriados
Dithmenos
Elyvilon
Fedhas
Gozag
Hepliaklqana
Kikubaaqudgha
Makhleb
Nemelex Xobeh
Okawaru
Qazlal
Ru
Sif Muna
Trog
Uskayaw
Vehumet
Wu Jian
Xom
Yredelemnul
Zin
The Shining One
Beogh

Shops:
D:1 (   D:3 *   D:5 !

Annotations:
D:10 Erolcha, Snorg
D:11 Josephine


Innate Abilities, Weirdness & Mutations

You are immune to sickness and miasma.
Your stone body is resilient. (AC +8)
You are immune to poison.
You resist negative energy. (rN+)
You are resistant to electric shocks. (rElec)
You are resistant to unholy torment.
You are immune to petrification.


Message History

The deep elf pyromancer casts a spell at you.
The sticky flame hits you.
You are covered in liquid flames!
You are covered in liquid flames!
The fire elemental hits you. The fire elemental burns you!
You block the deep elf pyromancer's attack.
You closely miss the deep elf pyromancer.
The deep elf pyromancer is lightly wounded.
You are covered in liquid flames!
The fire elemental hits you. The fire elemental burns you!
The fire elemental misses you.
You barely miss the deep elf pyromancer.
The deep elf pyromancer is lightly wounded.
You are covered in liquid flames!
The deep elf pyromancer casts a spell at you.
The bolt of fire hits you!!
* * * LOW HITPOINT WARNING * * *
The bolt of fire hits the fire elemental.
The fire elemental completely resists.
The fire elemental barely misses you. x2
Unknown command.
As you read the scroll of fear, it crumbles to dust.
You assume a fearsome visage.
The fire elemental is unaffected. x2
The deep elf pyromancer looks frightened!
You are covered in liquid flames!
* * * LOW HITPOINT WARNING * * *
You block the fire elemental's attack. The fire elemental hits you.
The fire elemental burns you!
* * * LOW HITPOINT WARNING * * *
The deep elf pyromancer gestures wildly while chanting.
The deep elf pyromancer blinks!
You block the fire elemental's attack.
Unknown command.
Unknown command.
As you read the scroll of teleportation, it crumbles to dust.
You feel strangely unstable. The fire elemental hits you.
The fire elemental burns you!
* * * LOW HITPOINT WARNING * * *
The deep elf pyromancer casts a spell.
The deep elf pyromancer blinks!
The fire elemental hits you. The fire elemental burns you!
You die...

##.##....#.# #####
#.##....#.##### #...#
#..####........ ....#
#..# #(.......
#...###############..#
#........
....#.....<).........##
#........
.[....#######..<......#
#........ #######
#...E.§.#.# #........
#..E@...#.###........
######§......##........
#.....(......####.#.###
#...................#
####.##........#.....#.#
#....##.......e#.....#.#
#..........#####..##.#.#
#....##....# ##.##.#.#
#(...##....# #.##.#.#


You could see a deep elf pyromancer (fleeing) and 2 fire elementals.

Vanquished Creatures
  Pikel (D:7)
  Joseph (D:9)
  Maggie (D:9)
  A troll (D:7)
  2 hornets
  A culicivora (shapeshifter) (D:10)
  4 shadows
  2 wyverns
  9 yaks
  2 wraiths (D:10)
  Grum (D:10)
  Edmund (D:5)
  Duvessa (D:5)
  A water moccasin (D:6)
  2 acid dragons (D:10)
  An orc warrior (D:7)
  A hornet zombie (D:7)
  An ice beast (D:7)
  2 ogres
  3 wolves (D:10)
  2 phantoms
  3 centaurs
  6 kobold brigands
  2 bullfrogs (Sewer)
  2 scorpions
  A wyvern zombie (D:6)
  A wyvern skeleton (D:6)
  Dowan (D:5)
  14 killer bees (D:9)
  7 howler monkeys
  4 centaur zombies
  2 human zombies (Ossuary)
  2 jellies
  4 orc priests
  3 hounds
  Crazy Yiuf (D:5)
  Ijyb (D:2)
  A centaur skeleton (D:7)
  A gnoll shaman (D:5)
  2 iguanas (D:5)
  10 orc wizards
  A hound skeleton (D:5)
  2 howler monkey zombies
  4 mummies (Ossuary)
  4 gnolls (D:5)
  A howler monkey skeleton (D:6)
  15 adders
  6 river rats
  An ufetubus (D:5)
  4 worms
  2 dart slugs
  21 orcs
  14 ball pythons
  5 endoplasms
  3 giant cockroaches
  A gnoll zombie (Ossuary)
  8 goblins
  9 hobgoblins
  2 jackals (D:1)
  29 kobolds
  6 quokkas
  5 bats
  7 frilled lizards
  2 hobgoblin zombies (Ossuary)
  2 kobold zombies (Ossuary)
  An orc zombie (Ossuary)
  24 rats
  A spectral kobold (D:1)
288 creatures vanquished.

Vanquished Creatures (others)
  7 fungi (D:11)
  6 plants (D:11)
13 creatures vanquished.

Grand Total: 301 creatures vanquished

Notes
Turn   | Place    | Note
-------+----------+-------------------------------------------
     0 | D:1      | karrick the Gargoyle Fighter began the quest for the Orb.
     0 | D:1      | Reached XP level 1. HP: 14/14 MP: 1/1
    75 | D:1      | Reached XP level 2. HP: 19/19 MP: 2/2
   103 | D:1      | Found Inkuf's Weapon Boutique.
   309 | D:1      | Found a faded altar of an unknown god.
   595 | D:1      | Reached XP level 3. HP: 23/24 MP: 3/3
  1083 | D:2      | Identified the +3 mace of Dismay {vorpal, rF- rC+ SInv}
  1155 | D:2      | Noticed Ijyb
  1168 | D:2      | Paralysed by Ijyb for 3 turns
  1172 | D:2      | Paralysed by Ijyb for 5 turns
  1181 | D:2      | Paralysed by Ijyb for 7 turns
  1192 | D:2      | Killed Ijyb
  1193 | D:2      | Reached XP level 4. HP: 19/29 MP: 4/4
  1582 | D:2      | Reached skill level 3 in Maces & Flails
  2053 | D:3      | Found Wuen's General Store.
  2077 | D:3      | Reached XP level 5. HP: 28/33 MP: 5/5
  2098 | D:3      | Reached skill level 1 in Dodging
  2143 | D:3      | Found a glowing drain.
  2147 | Sewer    | Entered a sewer
  2500 | Sewer    | Reached skill level 1 in Stealth
  2584 | Sewer    | Reached skill level 4 in Maces & Flails
  2603 | Sewer    | Reached XP level 6. HP: 34/38 MP: 6/6
  3537 | D:4      | Reached XP level 7. HP: 35/43 MP: 7/7
  3995 | D:4      | Reached skill level 5 in Maces & Flails
  4233 | D:5      | Entered Level 5 of the Dungeon
  4294 | D:5      | Found a runed translucent door.
  4295 | D:5      | Noticed Crazy Yiuf
  4338 | D:5      | Reached skill level 5 in Armour
  4690 | D:5      | Reached XP level 8. HP: 48/48 MP: 8/8
  4750 | D:5      | Reached skill level 6 in Maces & Flails
  4796 | D:5      | Noticed a wyvern
  4815 | D:5      | Killed a wyvern
  4816 | D:5      | Reached skill level 5 in Shields
  4953 | D:5      | Noticed Duvessa
  4956 | D:5      | Noticed Dowan
  4957 | D:5      | Noticed Edmund
  4964 | D:5      | Killed Duvessa
  4968 | D:5      | Killed Edmund
  4972 | D:5      | Killed Dowan
  4973 | D:5      | Reached skill level 5 in Fighting
  5091 | D:5      | Found Rampuix's Distillery.
  5207 | D:5      | Killed Crazy Yiuf
  5208 | D:5      | Reached skill level 7 in Maces & Flails
  5631 | D:6      | Found a sand-covered staircase.
  5673 | Ossuary  | Entered an ossuary
  5813 | Ossuary  | Reached XP level 9. HP: 45/54 MP: 9/9
  6631 | D:6      | Reached skill level 8 in Maces & Flails
  6751 | D:6      | Found a staircase to the Ecumenical Temple.
  6757 | Temple   | Entered the Ecumenical Temple
  7109 | Temple   | Became a worshipper of Warmaster Okawaru
  7354 | D:7      | Noticed Pikel
  7377 | D:7      | Killed Pikel
  7377 | D:7      | Reached * piety under Okawaru
  7429 | D:7      | Identified the +4 flail of False Accusations {speed, rF-
                  | rC++}
  7572 | D:7      | Noticed a hornet
  7582 | D:7      | Killed a hornet
  7583 | D:7      | Reached skill level 9 in Maces & Flails
  8089 | D:8      | Noticed a troll
  8090 | D:8      | Noticed Maggie
  8130 | D:7      | Reached ** piety under Okawaru
  8131 | D:7      | Reached XP level 10. HP: 49/61 MP: 10/10
  8411 | D:9      | Identified the +0 buckler "Toepn" {Str+3 Int+2}
  8462 | D:9      | Reached skill level 10 in Maces & Flails
  8568 | D:9      | Reached *** piety under Okawaru
  8596 | D:9      | Found a staircase to the Orcish Mines.
  8615 | D:9      | Identified the +1 ring mail of Autotheism {Slay+2}
  8834 | D:9      | Noticed Joseph
  8847 | D:9      | Killed Joseph
  8854 | D:9      | Reached skill level 11 in Maces & Flails
  9290 | D:9      | Reached **** piety under Okawaru
  9370 | D:10     | Entered Level 10 of the Dungeon
  9375 | D:10     | Reached skill level 1 in Invocations
  9387 | D:10     | Reached XP level 11. HP: 67/67 MP: 10/12
  9590 | D:10     | Noticed Erolcha
  9627 | D:9      | Killed Maggie
  9947 | D:8      | Found an ancient bone altar of Kikubaaqudgha.
 10357 | D:11     | Noticed Josephine
 10396 | D:10     | Reached skill level 12 in Maces & Flails
 10407 | D:10     | Noticed a deep elf pyromancer
 10449 | D:10     | Noticed Snorg
 10537 | D:10     | Noticed Grum
 10565 | D:10     | Killed Grum
 10565 | D:10     | Reached ***** piety under Okawaru
 10680 | D:10     | Slain by a fire elemental

Illustrated notes

Levels and vault maps discovered:
D:1:      lightli_arrival_noodles, layout_basic,
          dreamdust_ecumenical_altar_drowned_temple, serial_shops, shop
D:2:      kennysheep_the_goblin_king, layout_rooms
D:3:      layout_basic, gup_sewer_entry_spiral, serial_shops,
          nicolae_shop_crystal
D:4:      layout_loops_corners
D:5:      layout_rooms, serial_shops, nicolae_shop_trees,
          amcnicky_mini_rare_corridor_liquid, lemuel_another_geyser,
          uniq_crazy_yiuf_cottage, uniq_duvessa, uniq_edmund
D:6:      layout_cave_pools, minmay_temple_entry_enclosed_plants,
          nicolae_ossuary_entry_ruins, minmay_misc_feat_pillars
D:7:      layout_loops_ring, uniq_pikel
D:8:      layout_basic, mainiacjoe_overflow_catwalk, uniq_maggie
D:9:      layout_long_grid, minmay_orc_entry_temple_small, uniq_joseph
D:10:     layout_basic, minmay_misc_feat_rugged, chequers_serial_rivers_micro_b,
          uniq_snorg, uniq_erolcha, uniq_grum
D:11:     layout_basic, grunt_lair_entry_orc_guard_hut, uniq_josephine
Temple:   mainiacjoe_temple_trianglar_array

Skill      XL: |  1  2  3  4  5  6  7  8  9 10 11 |
---------------+----------------------------------+-----
Maces & Flails | 3 4 5 7 9 11 12 | 12.0
Dodging        | 1 2 3 4 |  4.3
Armour         | 4 5 6 7 |  7.5
Shields        | 4 5 6 7 |  7.0
Stealth        | 1 2 |  2.7
Fighting       | 4 5 6 7 8 |  8.2
Invocations    | 2 3 |  3.5
Evocations     | |  0.6

Action                   |  1- 3 |  4- 6 |  7- 9 | 10-12 || total
-------------------------+-------+-------+-------+-------++-------
Melee: Flail             |   100 |       |   191 |   306 ||   597
       Mace              |    20 |   214 |   126 |       ||   360
Invok: Heroism           |       |       |       |     1 ||     1
Evoke: Wand              |       |       |     6 |       ||     6
  Use: Potion            |       |     2 |       |       ||     2
       Scroll            |       |       |     4 |     2 ||     6
 Stab: Sleeping          |       |       |       |     1 ||     1
Armor: Scale mail        |    86 |   122 |   140 |    14 ||   362
       Troll leather arm |       |       |       |   150 ||   150
Dodge: Dodged            |    71 |   156 |   166 |   165 ||   558
Block: Buckler           |    35 |    58 |    79 |    90 ||   262

Table legend: (Time is in decaauts)
 A = Elapsed time spent in this place.
 B = Non-inter-level travel time spent in this place.
 C = Inter-level travel time spent in this place.
 D = Time resting spent in this place.
 E = Time spent auto-exploring this place.
 F = Levels seen in this place.
 G = Mean time per level.
                   A        B        C        D        E       F      G
               +--------+--------+--------+--------+--------+-----+--------+
         Total |  10892 |  10091 |    801 |    501 |   6532 |  14 |  778.0 |
       Dungeon |   9270 |   8517 |    753 |    494 |   5411 |  11 |  842.7 |
        Temple |    389 |    341 |     48 |      0 |    339 |   1 |  389.0 |
         Sewer |    874 |    874 |      0 |      7 |    599 |   1 |  874.0 |
       Ossuary |    357 |    357 |      0 |      0 |    183 |   1 |  357.0 |
               +--------+--------+--------+--------+--------+-----+--------+

Top non-repeatable levels by time:
     D:5: 1333 daAuts
     D:1: 1216 daAuts
     D:9: 1212 daAuts
     D:4: 1023 daAuts
     D:7: 1021 daAuts
   Sewer: 874 daAuts
     D:2: 813 daAuts
     D:3: 788 daAuts
     D:6: 718 daAuts
    D:10: 575 daAuts
     D:8: 512 daAuts
  Temple: 389 daAuts
 Ossuary: 357 daAuts
    D:11: 55 daAuts
